 Seeded DCSS version 0.29-a0-23-ga79f92ac9c (webtiles) character file.

Game seed: 10000000000011 (custom seed)

715 knot the Cleaver (level 7, -3/52 HPs)
             Began as a Demonspawn Berserker on Jan 31, 2022.
             Was a Believer of Trog.
             Slain by an unseen horror (7 damage)
             ... on level 5 of the Dungeon.
             The game lasted 00:04:08 (4858 turns).

knot the Cleaver (Demonspawn Berserker)             Turns: 4858, Time: 00:04:09

Health: -3/52      AC:  2    Str: 17    XL:     7   Next: 41%
Magic:  0/7        EV: 12    Int: 11    God:    Trog [**....]
Gold:   162        SH:  0    Dex: 12    Spells: 6/6 levels left

rFire   . . .      SeeInvis .   a - +0 hand axe
rCold   . . .      Faith    .   (no shield)
rNeg    . . .      Spirit   +   b - +0 animal skin
rPois   .          Reflect  .   (no helmet)
rElec   .          Harm     .   (no cloak)
rCorr   .          Rampage  .   (no gloves)
Will    ++...                   (no boots)
Stlth   +.........              (no amulet)
HPRegen 1.17/turn               (no ring)
MPRegen 0.20/turn               (no ring)

@: mighty, strong-willed, on berserk cooldown, regenerating
A: magic shield, magic regeneration, demonic touch 2
a: Renounce Religion, Berserk, Trog's Hand


You were on level 5 of the Dungeon.
You worshipped Trog.
Trog was pleased with you.
You visited 1 branch of the dungeon, and saw 5 of its levels.

You collected 162 gold pieces.

Inventory:

Hand Weapons
 a - a +0 hand axe (weapon)
Missiles
 f - 105 stones (quivered)
 i - 2 poisoned darts
 p - 4 boomerangs
Armour
 b - a +0 animal skin (worn)
Jewellery
 d - an amulet of reflection
Wands
 o - a wand of polymorph (1)
 q - a wand of flame (28)
 r - a wand of charming (7)
Scrolls
 c - a scroll of amnesia {unknown}
 l - 2 scrolls of identify {unknown}
 m - 2 scrolls of blinking {unknown}
 n - a scroll of fog {unknown}


   Skills:
 - Level 3.0 Fighting
 + Level 8.0 Axes
 - Level 1.7 Armour
 - Level 1.7 Dodging


You had 6 spell levels left.
You didn't know any spells.
Your spell library contained the following spells:

 Spells                   Type           Power      Damage    Failure   Level
 Corpse Rot               Necr/Air       0%         N/A       47%         2
 Ensorcelled Hibernation  Hex/Ice        0%         N/A       47%         2
 Passwall                 Tmut/Erth      0%         N/A       47%         2
 Poisonous Vapours        Pois/Air       0%         N/A       47%         2
 Swiftness                Air            0%         N/A       71%         3


Dungeon Overview and Level Annotations

Branches:
Dungeon (5/15)             Temple (0/1) D:4

Altars:

Shops:
D:3 [


Innate Abilities, Weirdness & Mutations

When hurt, damage is shared between your health and your magic reserves.
You regenerate magic rapidly.
Your touch may inflict irresistible damage on your foes.


Message History

You barely miss something.
Something hits you but does no damage. x2
You miss something. Something hits you but does no damage.
You closely miss something.
Something hits you but does no damage. x2
You barely miss something.
Something hits you but does no damage. x2
You miss something. Something hits you.
You hit something. Something completely misses you.
You barely miss something. Something hits you.
You slash something! Something hits you. x2
You swing at nothing.
Something hits you but does no damage.
You closely miss something.
Your transformation is almost over.
Something hits you but does no damage.
You completely miss something.
Something hits you but does no damage. x2
You miss something. Something hits you but does no damage. Something hits you.
Something hits you but does no damage.
You closely miss something. Something hits you.
* * * LOW HITPOINT WARNING * * *
Something hits you but does no damage.
You completely miss something. Something completely misses you.
Something hits you but does no damage.
You barely miss something. Your punch misses something. Something hits you.
* * * LOW HITPOINT WARNING * * *
You closely miss something.
You feel less wooden.
Your +0 animal skin unmelds from your body.
Something hits you!
* * * LOW HITPOINT WARNING * * *
Something barely misses you.
Unknown command.
Your skin crawls.
You feel strong-willed. Something hits you.
* * * LOW HITPOINT WARNING * * *
You feel yourself speed up. Something hits you.
* * * LOW HITPOINT WARNING * * *
You slash something! Something hits you.
* * * LOW HITPOINT WARNING * * *
Something hits you!
You die...

# #...# .. #...#
#..####...#####.
................
................
#.............. #...#
#...# #@#.# #...###.#
#.###########.........
#............######.##
#..###..####........
##.####.#.#.#.#
#........# ##.####.###
..###.........#


There were no monsters in sight!

Vanquished Creatures
  A kobold demonologist (D:5)
  An ogre (D:3)
  2 scorpions (D:4)
  A howler monkey (D:4)
  A centaur zombie (D:5)
  An orc priest (D:4)
  2 centaur skeletons
  5 adders
  2 orcs (D:4)
  6 endoplasms
  2 giant cockroaches
  5 goblins
  5 hobgoblins
  14 jackals
  2 quokkas (D:4)
  4 ball pythons
  7 bats
  5 frilled lizards
  3 kobolds
  5 rats
74 creatures vanquished.

Notes
Turn   | Place    | Note
-------+----------+-------------------------------------------
     0 | D:1      | knot the Demonspawn Berserker began the quest for the Orb.
     0 | D:1      | Reached XP level 1. HP: 18/18 MP: 1/1
    53 | D:1      | Reached skill level 3 in Axes
   110 | D:1      | Gained mutation: You regenerate magic rapidly. [demonic
                  | ancestry]
   110 | D:1      | Reached XP level 2. HP: 14/24 MP: 2/2
  1155 | D:2      | Gained mutation: Your touch may inflict minor irresistible
                  | damage on your foes. [demonic ancestry]
  1155 | D:2      | Reached XP level 3. HP: 29/29 MP: 3/3
  1230 | D:2      | Reached skill level 4 in Axes
  1358 | D:2      | Reached ** piety under Trog
  1720 | D:2      | You fall into a shaft and drop 1 floor!
  1826 | D:2      | Reached XP level 4. HP: 31/35 MP: 4/4
  2190 | D:3      | Noticed an ogre
  2198 | D:3      | Killed an ogre
  2199 | D:3      | Reached skill level 5 in Axes
  2199 | D:3      | Reached XP level 5. HP: 4/41 MP: 5/5
  2596 | D:3      | Found Daocsar's Antique Armour Emporium.
  3152 | D:4      | Noticed Duvessa
  3172 | D:4      | Noticed Duvessa
  3172 | D:4      | Duvessa changed into Duvessa the scorpion
  3178 | D:4      | Killed Duvessa the scorpion
  3179 | D:4      | Reached skill level 6 in Axes
  3179 | D:4      | Gained mutation: Your touch may inflict irresistible damage
                  | on your foes. [demonic ancestry]
  3179 | D:4      | Reached XP level 6. HP: 5/47 MP: 6/6
  3217 | D:4      | Noticed Ijyb
  3218 | D:4      | Noticed Ijyb
  3218 | D:4      | Ijyb changed into Ijyb the howler monkey
  3569 | D:4      | Killed Ijyb the howler monkey
  3617 | D:4      | Found a staircase to the Ecumenical Temple.
  4275 | D:4      | Noticed Dowan
  4278 | D:4      | Noticed Dowan
  4278 | D:4      | Dowan changed into Dowan the quokka
  4282 | D:4      | Killed Dowan the quokka
  4610 | D:5      | Entered Level 5 of the Dungeon
  4619 | D:5      | Noticed a kobold demonologist
  4626 | D:5      | Noticed a ynoxinul
  4629 | D:5      | Noticed a soul eater
  4631 | D:5      | Killed a kobold demonologist
  4632 | D:5      | Reached skill level 7 in Axes
  4632 | D:5      | Gained mutation: When hurt, damage is shared between your
                  | health and your magic reserves. [demonic ancestry]
  4632 | D:5      | Reached XP level 7. HP: 52/52 MP: 7/7
  4839 | D:5      | Reached skill level 8 in Axes
  4858 | D:5      | Slain by an unseen horror

Illustrated notes

Levels and vault maps discovered:
D:1:      lordsloth_arrival_two_stooges, layout_basic, grunt_decor_fettered,
          minmay_misc_feat_diagonals, nicolae_concentric_dashed_squares_wild
D:2:      layout_rooms, hangedman_decor_clover_reticule
D:3:      layout_basic, serial_shops, shop, kennysheep_path_1
D:4:      layout_rooms, temple_doors_e, uniq_duvessa, uniq_ijyb
D:5:      layout_loops_cross, nicolae_uskayaw_suspiria, item_on_display_a

Skill      XL: |  1  2  3  4  5  6  7 |
---------------+----------------------+-----
Axes           | 3 4 5 6 7 8 |  8.0
Fighting       | |  3.0
Armour         | |  1.7
Dodging        | |  1.7

Action                   |  1- 3 |  4- 6 |  7- 9 || total
-------------------------+-------+-------+-------++-------
Melee: Hand axe          |   110 |    78 |    13 ||   201
       Touch             |     7 |     6 |     3 ||    16
       Punch             |     1 |       |       ||     1
Invok: Berserk           |     2 |     4 |     1 ||     7
       Trog's Hand       |       |       |     1 ||     1
Evoke: Wand              |       |     7 |       ||     7
  Use: Potion            |       |       |     5 ||     5
 Stab: Sleeping          |     1 |     1 |       ||     2
Armor: Animal skin       |    27 |    10 |     2 ||    39
       Skin              |       |       |    40 ||    40
Dodge: Dodged            |    87 |    44 |    14 ||   145

Table legend: (Time is in decaauts)
 A = Elapsed time spent in this place.
 B = Non-inter-level travel time spent in this place.
 C = Inter-level travel time spent in this place.
 D = Time resting spent in this place.
 E = Time spent auto-exploring this place.
 F = Levels seen in this place.
 G = Mean time per level.
                   A        B        C        D        E       F      G
               +--------+--------+--------+--------+--------+-----+--------+
         Total |   4941 |   4848 |     93 |   2239 |   2056 |   5 |  988.2 |
       Dungeon |   4941 |   4848 |     93 |   2239 |   2056 |   5 |  988.2 |
               +--------+--------+--------+--------+--------+-----+--------+

Top non-repeatable levels by time:
     D:4: 1454 daAuts
     D:1: 1164 daAuts
     D:3: 1125 daAuts
     D:2: 928 daAuts
     D:5: 269 daAuts
